 Dungeon Crawl Stone Soup version 0.23.2-1-ga50397a (webtiles) character file.

Game seed: 5769042859977964212

1207 Valaritas the Storyteller (level 8, -2/52 HPs)
             Began as a Demonspawn Necromancer on May 25, 2019.
             Was a Believer of Hepliaklqana.
             Slain by Pikel
             ... wielding a +2 whip of electrocution
              (14 damage)
             ... on level 7 of the Dungeon on May 28, 2019.
             The game lasted 01:13:38 (5117 turns).

Valaritas the Storyteller (Demonspawn Necromancer)  Turns: 5117, Time: 01:13:38

Health: -2/52      AC:  9    Str: 10    XL:     8   Next: 21%
Magic:  12/12      EV: 16    Int: 17    God:    Hepliaklqana [**....]
Gold:   187        SH:  0    Dex: 19    Spells: 0/12 levels left

rFire    . . .     SeeInvis .   a - +0 rapier
rCold    . . .     Gourm    .   (no shield)
rNeg     . . .     Faith    .   v - +2 ring mail {rPois}
rPois    +         Spirit   .   (helmet restricted)
rElec    .         Reflect  .   i - +0 cloak
rCorr    .         Harm     .   f - +0 pair of gloves
MR       .....                  (no boots)
Stlth    +++.......             k - amulet of rage
HPRegen  0.17/turn              (no ring)
MPRegen  0.13/turn              (no ring)

@: agile, berserk cooldown, very slightly contaminated, slowed, invisible, very
slow
A: reduced essence, horns 1, foul stench 1, powered by death 2, rot immunity
a: Recall Ancestor, Ancestor Identity, Renounce Religion, Evoke Berserk Rage


You were on level 7 of the Dungeon.
You worshipped Hepliaklqana.
Hepliaklqana was pleased with you.
You were hungry.

You visited 1 branch of the dungeon, and saw 7 of its levels.

You collected 187 gold pieces.

Inventory:

Hand Weapons
 a - a +0 rapier (weapon)
 b - a +0 hunting sling
 m - a +0 dagger of venom
 t - a +0 short sword of speed
Missiles
 h - 211 stones (quivered)
 n - 26 sling bullets
Armour
 f - a +0 pair of gloves (worn)
 i - a +0 cloak (worn)
 o - a +1 helmet of see invisible
 v - a +2 ring mail of poison resistance (worn)
Jewellery
 k - an amulet of rage (around neck)
Scrolls
 j - 3 scrolls of remove curse
 q - 3 scrolls of immolation
Potions
 e - a potion of mutation
 p - a potion of flight
 r - a potion of invisibility
 s - a potion of lignification {unknown}
 u - a potion of cancellation {unknown}
 w - a potion of might {unknown}
 z - a potion of haste
Comestibles
 c - 16 rations
 d - 5 chunks of flesh


   Skills:
 - Level 3.1 Fighting
 + Level 2.7 Short Blades
 + Level 2.7 Slings
 + Level 2.8 Armour
 + Level 2.6 Dodging
 - Level 3.1 Stealth
 + Level 2.7 Spellcasting
 - Level 4.3 Necromancy
 + Level 5.9 Invocations
 - Level 3.1 Evocations


You couldn't memorise any spells.
You knew the following spells:

 Your Spells              Type           Power        Failure   Level  Hunger
a - Pain                  Necr           ###.         8%          1    #......
b - Animate Skeleton      Necr           N/A          8%          1    #......
c - Vampiric Draining     Necr           ###.......   22%         3    ###....
d - Regeneration          Chrm/Necr      #.........   47%         3    ###....
e - Animate Dead          Necr           N/A          58%         4    #####..

Your spell library contained the following spells:

 Spells                   Type           Power        Failure   Level  Hunger


Dungeon Overview and Level Annotations

Branches:
Dungeon (7/15)             Temple (0/1) D:6

Altars:
Cheibriados
Gozag
Hepliaklqana
Makhleb
Sif Muna
Vehumet

Annotations:
D:7 Pikel


Innate Abilities, Weirdness & Mutations

You have a pair of small horns on your head.
You may emit foul miasma when damaged in melee.
You regenerate health from kills.
You are immune to rotting.
Your life essence is reduced to manifest your ancestor. (-10% HP)


Message History

You hit Pikel but do no damage. Your headbutt misses Pikel.
Pikel is heavily wounded.
The slave barely misses Gaius.
Gaius hits Pikel with a +0 flail.
Pikel hits you with a +2 whip of electrocution.
You are electrocuted!
* * * LOW HITPOINT WARNING * * *
The slave hits you but does no damage. The slave completely misses you.
The slave barely misses Gaius.
You feel better.
Pikel hits you with a +2 whip of electrocution.
* * * LOW HITPOINT WARNING * * *
Gaius blocks the slave's attack.
Gaius hits Pikel with a +0 flail.
Gaius blocks the slave's attack.
Pikel hits you with a +2 whip of electrocution.
* * * LOW HITPOINT WARNING * * *
Gaius blocks the slave's attack.
The slave hits you but does no damage.
Gaius hits Pikel with a +0 flail.
You feel agile all of a sudden. Pikel hits you but does no damage.
You are electrocuted!
You die...

#########
#........
#........
#ppR.....
#@Kp.....
#########


You could see the friendly Gaius the knight, Pikel and 3 slaves.

Vanquished Creatures
  An ice beast (D:6)
  A sky beast (D:5)
  A slave (D:7)
  A centaur (D:6)
  A bullfrog (D:5)
  A howler monkey (D:5)
  A hound (D:7)
  An orc priest (D:6)
  An iguana (D:5)
  4 worker ants
  3 gnolls
  A worker ant zombie (D:5)
  5 adders
  A shadow imp (D:6)
  An ooze (D:1)
  2 adder skeletons
  2 worms
  2 leopard geckos
  2 orcs (D:6)
  8 bats
  4 giant cockroaches
  3 goblins
  7 hobgoblins
  A jackal (D:6)
  4 quokkas
  A ball python (D:5)
  7 frilled lizards
  4 kobolds
  4 rats
75 creatures vanquished.

Vanquished Creatures (collateral kills)
  An ice beast (D:6)
  A centaur (D:5)
  A bullfrog (D:6)
  Blork the orc (D:6)
  A crimson imp (D:5)
  A centaur zombie (D:5)
  A jelly (D:5)
  2 orc priests (D:6)
  An orc wizard (D:6)
  A gnoll (D:5)
  3 adders
  A shadow imp (D:6)
  An ooze (D:6)
  A worm (D:3)
  2 leopard geckos
  8 orcs
  A bat (D:3)
  3 giant cockroaches (D:5)
  A hobgoblin (D:2)
  A jackal (D:6)
  A jackal skeleton (D:4)
34 creatures vanquished.

Grand Total: 109 creatures vanquished

Notes
Turn   | Place    | Note
-------+----------+-------------------------------------------
     0 | D:1      | Valaritas the Demonspawn Necromancer began the quest for
                  | the Orb.
     0 | D:1      | Reached XP level 1. HP: 13/13 MP: 3/3
    75 | D:1      | Reached skill level 1 in Fighting
   170 | D:1      | Learned a level 1 spell: Animate Skeleton
   227 | D:1      | Gained mutation: You are immune to rotting. [demonic
                  | ancestry]
   227 | D:1      | Reached XP level 2. HP: 14/21 MP: 1/5
   616 | D:1      | Reached skill level 1 in Evocations
   807 | D:1      | Reached skill level 1 in Short Blades
   807 | D:1      | Reached skill level 1 in Armour
   807 | D:1      | Gained mutation: You may emit foul miasma when damaged in
                  | melee. [demonic ancestry]
   807 | D:1      | Reached XP level 3. HP: 23/26 MP: 1/6
   855 | D:1      | Learned a level 3 spell: Vampiric Draining
  1073 | D:2      | Found a hazy altar of Hepliaklqana.
  1073 | D:2      | Found an opulent altar of Gozag.
  1077 | D:2      | Became a worshipper of Hepliaklqana the Forgotten
  1155 | D:2      | Found a burning altar of Makhleb.
  1268 | D:2      | Reached skill level 1 in Invocations
  1587 | D:3      | Reached XP level 4. HP: 22/28 MP: 4/7
  1631 | D:3      | Found a radiant altar of Vehumet.
  1678 | D:3      | Reached skill level 1 in Slings
  1795 | D:3      | Reached skill level 2 in Invocations
  2073 | D:3      | Reached skill level 3 in Invocations
  2435 | D:4      | Reached * piety under Hepliaklqana
  2489 | D:4      | Found a deep blue altar of Sif Muna.
  2689 | D:4      | Found a snail-covered altar of Cheibriados.
  2718 | D:4      | Reached XP level 5. HP: 31/34 MP: 8/8
  2723 | D:4      | Learned a level 3 spell: Regeneration
  3273 | D:5      | Entered Level 5 of the Dungeon
  3275 | D:5      | Noticed a centaur
  3285 | D:5      | Killed a centaur
  3285 | D:5      | Gained mutation: You have a pair of small horns on your
                  | head. [demonic ancestry]
  3285 | D:5      | Reached XP level 6. HP: 22/39 MP: 3/9
  3289 | D:5      | Reached skill level 4 in Invocations
  3468 | D:5      | Noticed a sky beast
  3485 | D:5      | Killed a sky beast
  3637 | D:5      | Gained mutation: You regenerate a little health from kills.
                  | [demonic ancestry]
  3637 | D:5      | Reached XP level 7. HP: 29/45 MP: 6/10
  3675 | D:5      | Reached ** piety under Hepliaklqana
  3676 | D:5      | Remembered your ancestor Gaius as a knight
  4121 | D:6      | Reached skill level 5 in Invocations
  4296 | D:6      | Found a staircase to the Ecumenical Temple.
  4359 | D:6      | Noticed Blork the orc
  4521 | D:6      | Gained mutation: You regenerate health from kills. [demonic
                  | ancestry]
  4521 | D:6      | Reached XP level 8. HP: 22/52 MP: 2/12
  4809 | D:6      | Killed Blork the orc
  4827 | D:6      | Learned a level 4 spell: Animate Dead
  5095 | D:7      | Noticed Pikel
  5117 | D:7      | Slain by Pikel

Skill      XL: |  1  2  3  4  5  6  7 |
---------------+----------------------+-----
Fighting       | 1 2 3 |  3.1
Evocations     | 1 2 3 |  3.1
Short Blades   | 1 2 |  2.7
Armour         | 1 2 |  2.8
Invocations    | 1 3 4 5 |  5.9
Slings         | 1 2 |  2.7
Stealth        | 2 3 |  3.1
Dodging        | 2 |  2.6
Spellcasting   | |  2.7
Necromancy     | |  4.3

Action                   |  1- 3 |  4- 6 |  7- 9 || total
-------------------------+-------+-------+-------++-------
Melee: Dagger            |    63 |     6 |       ||    69
       Short sword       |       |    75 |    38 ||   113
       Headbutt          |       |     9 |    15 ||    24
       Rapier            |       |       |    36 ||    36
 Fire: Hunting sling     |     3 |    17 |    14 ||    34
 Cast: Pain              |    40 |    47 |    31 ||   118
       Animate Skeleton  |     9 |    12 |    14 ||    35
       Vampiric Draining |     1 |     3 |     2 ||     6
Invok: Recall Ancestor   |       |     1 |     2 ||     3
       Ancestor Life: Kn |       |       |     1 ||     1
 Abil: Evoke Berserk Rag |       |       |     2 ||     2
  Use: Scroll            |     4 |     6 |     4 ||    14
       Potion            |       |       |     5 ||     5
 Stab: Sleeping          |     2 |     2 |     1 ||     5
       Invisible         |       |       |     3 ||     3
  Eat: Chunk             |     3 |     8 |     7 ||    18
Armor: Ring mail         |    31 |    50 |    40 ||   121
       Leather armour    |     1 |       |       ||     1
Dodge: Dodged            |    41 |    45 |    50 ||   136
